 Dungeon Crawl Stone Soup version 0.32-a0-732-ga344392067 (webtiles) character file.

Game seed: 18129616288559397257

1950 Fegelein the Cleaver (level 8, -9/71 HPs)
             Began as a Minotaur Fighter on Mar 16, 2024.
             Was a Follower of Okawaru.
             Killed from afar by an ice statue (31 damage)
             ... with a bolt of cold
             ... on level 7 of the Dungeon.
             The game lasted 00:41:22 (7121 turns).

Fegelein the Cleaver (Minotaur Fighter)             Turns: 7121, Time: 00:41:22

Health: -9/71      AC: 17    Str: 32    XL:     8   Next: 99%
Magic:  8/8        EV:  9    Int:  5    God:    Okawaru [*.....]
Gold:   1186       SH:  5    Dex: 15    Spells: 4/7 levels left

rFire   . . .        a - +1 war axe
rCold   . . .        c - +0 buckler
rNeg    . . .        b - +0 scale mail
rPois   +            (helmet restricted)
rElec   +            p - +1 cloak {rPois}
rCorr   .            (no gloves)
SInv    .            (no boots)
Will    .....        q - amulet "Lihodad" {RegenMP+ Str+8} Stlth
                     j - +4 ring of protection
HPRegen 0.31/turn    h - +6 ring of dexterity
MPRegen 0.51/turn

%: no passive effects
@: no status effects
A: horns 2, retaliatory headbutt, iridescent scales 1, shaggy fur 1, electricity
resistance
a: Renounce Religion, Heroism


You were on level 7 of the Dungeon.
You worshipped Okawaru.
Okawaru was aware of your devotion.
You visited 2 branches of the dungeon, and saw 8 of its levels.

You collected 1186 gold pieces.

Inventory:

Hand Weapons
 a - a +1 war axe (weapon)
 i - the +4 rapier of Exceptional Purpose {freeze, Str+2 Dex+3 Stlth+}
   (You found it on level 2 of the Dungeon)

   Str+2:     It affects your strength (+2).
   Dex+3:     It affects your dexterity (+3).
   Stlth+:    It makes you more stealthy.
Missiles
 n - 5 boomerangs (quivered)
Armour
 b - a +0 scale mail (worn)
 c - a +0 buckler (worn)
 e - a +0 cloak
 p - a +1 cloak of poison resistance (worn)
Jewellery
 g - a ring of willpower
 h - a +6 ring of dexterity (right hand)
 j - a +4 ring of protection (left hand)
 q - the amulet "Lihodad" (around neck) {RegenMP+ Str+8}
   (You acquired it on level 7 of the Dungeon)

   [amulet of magic regeneration]

   It increases your rate of magic regeneration.
   Str+8:     It affects your strength (+8).
   RegenMP+:  It increases your rate of magic regeneration.
Talismans
 o - a flux talisman
Wands
 r - a wand of digging (3)
Scrolls
 l - a scroll of teleportation
 m - 2 scrolls of revelation
Potions
 d - 2 potions of might
 f - 2 potions of resistance
 k - 2 potions of haste


   Skills:
 + Level 6.8 Fighting
 * Level 8.5 Axes
 + Level 6.9 Armour
 + Level 6.8 Shields
 + Level 2.5 Earth Magic
 + Level 2.2 Invocations


You had 4 spell levels left.
You knew the following spells:

 Your Spells              Type           Power      Damage    Failure   Level
a - Passwall              Erth           2%         N/A       77%         3

Your spell library contained the following spells:

 Spells                   Type           Power      Damage    Failure   Level
 Freeze                   Ice            0%         1d3       75%         1
 Cigotuvi's Dreadful Rot  Necr/Alch/Air  0%         N/A       86%         2
 Ensorcelled Hibernation  Hex/Ice        0%         N/A       86%         2
 Frozen Ramparts          Ice            0%         1d1       98%         3
 Hailstorm                Conj/Ice       0%         3d5       98%         3
 Ozocubu's Armour         Ice            0%         N/A       98%         3
 Swiftness                Air            0%         N/A       98%         3
 Ignite Poison            Fire/Alch      0%         N/A       100%        4
 Freezing Cloud           Conj/Ice/Air   0%         6-21      100%        5
 Metabolic Englaciation   Hex/Ice        0%         N/A       100%        5
 Animate Dead             Necr           Unusable   N/A       N/A         4
 Haunt                    Necr/Summ      Unusable   N/A       N/A         7
 Infestation              Necr           Unusable   N/A       N/A         8

Dungeon Overview and Level Annotations

Branches:
Dungeon (7/15)             Temple (1/1) D:5

Altars:
Ashenzari
Cheibriados
Dithmenos
Elyvilon
Fedhas
Gozag
Hepliaklqana
Kikubaaqudgha
Makhleb
Nemelex Xobeh
Okawaru
Qazlal
Ru
Sif Muna
Trog
Uskayaw
Vehumet
Wu Jian
Xom
Yredelemnul
Zin
The Shining One

Annotations:
D:7 exclusion: ice statue, Dowan, Duvessa


Innate Abilities, Weirdness & Mutations

You have a pair of horns on your head.
You reflexively headbutt those who attack you in melee.
You are partially covered in iridescent scales. (AC +2)
You are covered in fur. (AC +1)
You are resistant to electric shocks. (rElec)


Message History

The ice statue gestures at you.
The ice statue gestures.
The ice statue gestures.
The ice beast hits you. The ice beast freezes you!
You barely miss the ice beast. Your headbutt misses the ice beast.
The ice beast hits you but does no damage.
Dowan shouts!
You hit the ice beast.
The ice beast is lightly wounded.
You closely miss the ice beast.
The ice statue glitters chillingly in the dim dungeon light.
You block the ice beast's attack. The ice beast closely misses you.
You closely miss the ice beast.
The ice beast is lightly wounded.
You slash the ice beast! You block the ice beast's attack.
The ice beast hits you but does no damage.
You barely miss the ice beast.
The ice beast is lightly wounded.
You barely miss the ice beast.
Dowan mumbles some strange words.
Dowan blinks!
The ice beast hits you but does no damage. x2
Duvessa shouts!
You slash the ice beast!
The ice beast is severely wounded.
You closely miss the ice beast. The ice beast closely misses you.
The ice beast hits you but does no damage.
You barely miss the ice beast.
The ice beast is severely wounded.
You closely miss the ice beast. The ice beast closely misses you.
The ice beast hits you but does no damage.
Dowan's robes are whipped around by a magical breeze.
The ice statue gestures at you.
The bolt of cold hits the ice beast.
The ice beast completely resists.
The bolt of cold hits you!!!
Ouch! That really hurt!
The ice statue gestures at you.
The bolt of cold hits the ice beast.
The ice beast completely resists.
The bolt of cold hits you!!
You die...

#...........# #.#
#........ #...........#
######.# #.######.
#...........#
#......###.# #.
#...........#
#..........### #.
##.##.#######
#####........# #. #.####
############.######.# #.
##.# ...≈≈≈.....⌠.# #.#
#. ...# .^.≈≈≈.......#
#.# #. ...#
..e≈I°.Y@....# ##'####.
...# ..e≈≈≈.Y.....#
#....##< ...#
...≈≈≈.....⌠.#####....###
...#
############.....'...<...
...#
##################)...###
..##
#...........(....'....'..
..#
#.################....###
..# #.# ###### ..# #.#


You could see an ice statue, Duvessa, 2 ice beasts and Dowan.

Vanquished Creatures
  Prince Ribbit (D:6)
  A wyvern (D:7)
  Menkaure (D:5)
  An orc warrior (D:5)
  2 sky beasts
  4 ogres
  A phantom (D:7)
  A bullfrog (D:5)
  A scorpion (D:5)
  A howler monkey (D:6)
  5 hounds
  A jelly (D:5)
  2 orc priests
  Jessica (D:3)
  2 sleepcaps
  2 iguanas
  8 gnolls
  6 adders
  3 white imps
  3 dart slugs
  A ribbon worm (D:4)
  15 orcs
  4 bats
  2 endoplasms
  7 giant cockroaches
  4 hobgoblins
  6 jackals (D:2)
  4 quokkas
  2 ball pythons
  3 frilled lizards
  7 goblins
  6 kobolds
  3 rats
111 creatures vanquished.

Notes
Turn   | Place    | Note
-------+----------+-------------------------------------------
     0 | D:1      | Fegelein the Minotaur Fighter began the quest for the Orb.
     0 | D:1      | Reached XP level 1. HP: 19/19 MP: 0/0
   256 | D:1      | Reached XP level 2. HP: 27/27 MP: 1/1
   336 | D:1      | Reached skill level 3 in Axes
   528 | D:1      | Found Xamyj's Jewellery Emporium.
   622 | D:1      | Reached XP level 3. HP: 33/33 MP: 2/2
  1092 | D:2      | Identified the +4 rapier of Exceptional Purpose {freeze,
                  | Str+2 Dex+3 Stlth+}
  1155 | D:2      | Reached XP level 4. HP: 38/40 MP: 3/3
  1580 | D:3      | Reached skill level 4 in Axes
  1632 | D:3      | Gained mutation: Your spells are a little harder to cast,
                  | but a little more powerful. [potion of mutation]
  1632 | D:3      | Gained mutation: You occasionally lose the ability to drink
                  | potions when taking damage. [potion of mutation]
  1632 | D:3      | Gained mutation: You have supernaturally acute eyesight.
                  | (SInv) [potion of mutation]
  1711 | D:3      | Reached XP level 5. HP: 19/47 MP: 4/4
  1993 | D:3      | Noticed Jessica
  2020 | D:3      | Killed Jessica
  2478 | D:4      | Identified a scroll of acquirement
  2478 | D:4      | Acquired 955 gold pieces
  2574 | D:4      | Noticed an ogre
  2587 | D:4      | Killed an ogre
  2588 | D:4      | Reached skill level 5 in Axes
  2588 | D:4      | Reached skill level 5 in Armour
  2588 | D:4      | Reached XP level 6. HP: 26/55 MP: 5/5
  2742 | D:4      | Reached skill level 5 in Fighting
  2742 | D:4      | Reached skill level 5 in Shields
  3096 | D:4      | Noticed a sky beast
  3102 | D:4      | Killed a sky beast
  3103 | D:4      | Reached skill level 6 in Axes
  3188 | D:4      | Reached XP level 7. HP: 61/61 MP: 6/6
  3307 | D:4      | Learned a level 3 spell: Passwall
  3497 | D:5      | Entered Level 5 of the Dungeon
  3882 | D:5      | Reached skill level 1 in Earth Magic
  4092 | D:5      | Found a staircase to the Ecumenical Temple.
  4098 | Temple   | Entered the Ecumenical Temple
  4129 | Temple   | Became a worshipper of Warmaster Okawaru
  4283 | D:5      | Noticed Menkaure
  4300 | D:5      | Killed Menkaure
  4301 | D:5      | Reached skill level 7 in Axes
  4516 | D:5      | Reached XP level 8. HP: 36/70 MP: 7/7
  4860 | D:6      | Noticed Prince Ribbit
  4883 | D:6      | Killed Prince Ribbit
  4883 | D:6      | Reached * piety under Okawaru
  4884 | D:6      | Reached skill level 1 in Invocations
  4958 | D:6      | Lost mutation: You occasionally lose the ability to drink
                  | potions when taking damage. [potion of mutation]
  4958 | D:6      | Lost mutation: You have supernaturally acute eyesight.
                  | (SInv) [potion of mutation]
  4958 | D:6      | Gained mutation: Potions are less effective at restoring
                  | your health. [potion of mutation]
  4958 | D:6      | Lost mutation: Potions are less effective at restoring your
                  | health. [potion of mutation]
  4958 | D:6      | Gained mutation: You expend magic power (3 MP) to
                  | strengthen your wands. [potion of mutation]
  4971 | D:6      | Lost mutation: You expend magic power (3 MP) to strengthen
                  | your wands. [potion of mutation]
  4971 | D:6      | Lost mutation: Your spells are a little harder to cast, but
                  | a little more powerful. [potion of mutation]
  4971 | D:6      | Gained mutation: You are vulnerable to cold. (rC-) [potion
                  | of mutation]
  4972 | D:6      | Lost mutation: You are vulnerable to cold. (rC-) [potion of
                  | mutation]
  4972 | D:6      | Gained mutation: You are resistant to electric shocks.
                  | (rElec) [potion of mutation]
  4972 | D:6      | Gained mutation: You are covered in fur. (AC +1) [potion of
                  | mutation]
  4972 | D:6      | Gained mutation: You are partially covered in iridescent
                  | scales. (AC +2) [potion of mutation]
  5064 | D:6      | Found a radiant altar of Vehumet.
  5100 | D:6      | Found a glowing silver altar of Zin.
  5155 | D:6      | Found a shimmering blue altar of Sif Muna.
  5199 | D:6      | Found a hide-covered altar of Uskayaw.
  5267 | D:6      | Reached skill level 8 in Axes
  5879 | D:7      | Acquired the amulet "Lihodad" {RegenMP+ Str+8}
  5927 | D:7      | Noticed an ice statue
  6680 | D:7      | Noticed Dowan
  6913 | D:7      | Noticed Duvessa
  7121 | D:7      | Killed from afar by an ice statue

Illustrated notes

Levels and vault maps discovered:
D:1:      dpeg_arrival_central, layout_loops_ring, serial_shops,
          nicolae_shop_trees, nrook_mini_vaults, fountainhead
D:2:      layout_basic
D:3:      layout_basic, uniq_jessica
D:4:      layout_basic
D:5:      layout_basic, temple_statues, uniq_menkaure
D:6:      layout_basic, nicolae_overflow_quartered_altars, uniq_prince_ribbit1
D:7:      lemuel_ice_statue, layout_basic, uniq_duvessa
Temple:   compressed_dpeg_circular_temple

Skill      XL: |  1  2  3  4  5  6  7  8 |
---------------+-------------------------+-----
Axes           | 3 4 5 6 7 8 |  8.5
Fighting       | 4 5 6 |  6.8
Armour         | 4 5 6 |  6.9
Shields        | 4 5 6 |  6.8
Earth Magic    | 1 2 |  2.5
Invocations    | 2 |  2.2

Action                     |  1- 3 |  4- 6 |  7- 9 || total
---------------------------+-------+-------+-------++-------
  Melee: War axe           |    68 |    80 |   171 ||   319
         Headbutt          |    10 |     8 |    37 ||    55
  Throw: Boomerang         |       |       |     6 ||     6
   Cast: Passwall          |       |       |     1 ||     1
  Evoke: Wand              |       |       |     1 ||     1
    Use: Scroll            |     1 |     5 |     5 ||    11
         Potion            |       |     2 |     7 ||     9
 Armour: Scale mail        |    47 |    51 |   133 ||   231
  Dodge: Dodged            |    28 |    36 |    66 ||   130
  Block: Buckler           |    16 |    19 |    32 ||    67

Table legend: (Time is in decaauts)
 A = Elapsed time spent in this place.
 B = Non-inter-level travel time spent in this place.
 C = Inter-level travel time spent in this place.
 D = Time resting spent in this place.
 E = Time spent auto-exploring this place.
 F = Levels seen in this place.
 G = Mean time per level.
                   A        B        C        D        E       F      G
               +--------+--------+--------+--------+--------+-----+--------+
         Total |   7182 |   7182 |      0 |   1336 |   1556 |   8 |  897.8 |
       Dungeon |   7134 |   7134 |      0 |   1336 |   1556 |   7 | 1019.1 |
        Temple |     48 |     48 |      0 |      0 |      0 |   1 |   48.0 |
               +--------+--------+--------+--------+--------+-----+--------+

Top non-repeatable levels by time:
     D:7: 1486 daAuts
     D:4: 1123 daAuts
     D:5: 1098 daAuts
     D:1: 942 daAuts
     D:6: 915 daAuts
     D:3: 882 daAuts
     D:2: 685 daAuts
  Temple: 48 daAuts
